 Dungeon Crawl Stone Soup version 0.21.1-1-g345015f (webtiles) character file.

5989 wojtek the Cleaver (level 10, -11/86 HPs)
             Began as a Minotaur Fighter on July 29, 2018.
             Was a Believer of Makhleb.
             Mangled by a red ugly thing (18 damage)
             ... on level 10 of the Dungeon.
             The game lasted 00:12:13 (8320 turns).

wojtek the Cleaver (Minotaur Fighter)               Turns: 8320, Time: 00:12:14

Health: -11/86     AC: 18    Str: 23    XL:     10   Next: 55%
Magic:  12/12      EV:  7    Int:  5    God:    Makhleb [**....]
Gold:   313        SH: 12    Dex: 11    Spells: 9/9 levels left

rFire    . . .     SeeInvis .   a - +0 war axe
rCold    . . .     Gourm    .   R - +1 shield {rPois}
rNeg     + . .     Faith    .   g - +0 plate armour
rPois    +         Spirit   .   (helmet restricted)
rElec    .         Reflect  .   Q - +0 cloak
rCorr    +         Harm     .   E - +2 pair of gloves
MR       .....                  (no boots)
Stlth    ..........             n - amulet of regeneration
HPRegen  0.64/turn              N - ring of resist corrosion
MPRegen  0.13/turn              b - ring of positive energy

@: about to teleport
A: retaliatory headbutt, horns 2
a: Minor Destruction, Renounce Religion


You were on level 10 of the Dungeon.
You worshipped Makhleb.
Makhleb was pleased with you.
You were not hungry.

You visited 2 branches of the dungeon, and saw 11 of its levels.
You also visited: Ossuary.

You collected 523 gold pieces.
You spent 210 gold pieces at shops.

Inventory:

Hand Weapons
 a - a +0 war axe (weapon)
Missiles
 H - 2 throwing nets (quivered)
Armour
 g - a +0 plate armour (worn)
 E - a +2 pair of gloves (worn)
 Q - a +0 cloak (worn)
 R - a +1 shield of poison resistance (worn)
Jewellery
 b - a ring of positive energy (right hand)
 c - an uncursed ring of positive energy
 n - an amulet of regeneration (around neck)
 s - an uncursed ring of ice
 x - an uncursed amulet of rage
 L - an uncursed amulet of the gourmand {unknown}
 N - a ring of resist corrosion (left hand)
Wands
 y - a wand of acid (13)
 F - a wand of paralysis (6)
 M - a wand of disintegration (21)
 O - a wand of digging (9)
 P - a wand of iceblast (11)
Scrolls
 i - 9 scrolls of identify
 k - 5 scrolls of fog
 l - a scroll of blinking {unknown}
 m - 2 scrolls of immolation
 o - 7 scrolls of remove curse
 q - 4 scrolls of amnesia
 t - 5 scrolls of magic mapping
 v - 3 scrolls of teleportation
 D - a scroll of enchant armour {unknown}
 I - 3 scrolls of random uselessness {unknown}
 J - 3 scrolls of holy word {unknown}
Potions
 d - 2 potions of might
 e - a potion of mutation {unknown}
 h - 2 potions of berserk rage {unknown}
 j - 2 potions of lignification {unknown}
 p - 6 potions of flight
 r - 6 potions of curing
 u - 7 potions of heal wounds
 w - a potion of agility {unknown}
 z - a potion of resistance {unknown}
 A - 2 potions of brilliance {unknown}
 B - 2 potions of degeneration {unknown}
 C - 5 potions of haste {unknown}
 G - 2 potions of ambrosia {unknown}
Books
 S - a book of Debilitation

   Spells                             Type                      Level
   a - Corona                         Hexes                        1
   b - Slow                           Hexes                        2
   c - Inner Flame                    Hexes/Fire                   3
   d - Portal Projectile              Hexes/Translocation          3
   e - Cause Fear                     Hexes                        4
   f - Leda's Liquefaction            Hexes/Earth                  4
Comestibles
 f - 16 rations
 K - 6 chunks of flesh


   Skills:
 + Level 7.5 Fighting
 * Level 11.1 Axes
 + Level 7.4 Armour
 + Level 5.9 Dodging
 + Level 7.5 Shields
 * Level 4.6 Invocations
 + Level 4.4 Evocations


You had 9 spell levels left.
You didn't know any spells.

Dungeon Overview and Level Annotations

Branches:
Dungeon (10/15)            Temple (1/1) D:7
   Lair: D:8-11         Orc: D:9-12

Altars:
Ashenzari
Cheibriados
Dithmenos
Elyvilon
Fedhas
Gozag
Hepliaklqana
Kikubaaqudgha
Makhleb
Nemelex Xobeh
Okawaru
Qazlal
Ru
Sif Muna
Trog
Uskayaw
Vehumet
Wu Jian
Xom
Yredelemnul
Zin
The Shining One

Shops:
D:8 *   D:9 ?

Annotations:
D:1 digging


Innate Abilities, Weirdness & Mutations

You reflexively headbutt those who attack you in melee.
You have a pair of horns on your head.


Message History

The red ugly thing is moderately wounded.
The red ugly thing tentacle-slaps you!
You are engulfed in flames!
You slice the red ugly thing!!
The red ugly thing is heavily wounded.
The red ugly thing tentacle-slaps you but does no damage.
Your plate armour prevents you from hitting the red ugly thing.
The red ugly thing is heavily wounded.
The red ugly thing tentacle-slaps you.
You are engulfed in flames!
You are too injured to fight recklessly!
You are too injured to fight recklessly!
The red ugly thing tentacle-slaps you!
* * * LOW HITPOINT WARNING * * *
You are engulfed in flames!
* * * LOW HITPOINT WARNING * * *
Okay, then.
As you read the scroll of teleportation, it crumbles to dust.
You feel strangely unstable. The red ugly thing tentacle-slaps you.
* * * LOW HITPOINT WARNING * * *
You are engulfed in flames!!
You die...

#.) #..
#.#######
#.#..)..#
#.#.#.#.#
#...#Z# ...
#Z#.#.# ...
#u#.... ....
#@#######..#
#..........#
#.##.#..#.#
#.........###.#
######........#
##.######
#.##.##
#.#...####
#........+


You could see a red ugly thing and a bullfrog skeleton.

Vanquished Creatures
  Erica (D:9)
  Joseph (D:8)
  A gargoyle (D:9)
  3 hippogriffs
  Eustachio (D:5)
  Grum (D:9)
  4 sky beasts
  2 orc warriors
  A black bear (D:6)
  An ice beast (D:6)
  5 ogres
  3 wolves (D:9)
  2 centaurs (D:5)
  2 bullfrogs
  A gnoll sergeant (D:8)
  2 scorpions (D:6)
  3 killer bees (D:8)
  9 wights
  A howler monkey (D:5)
  2 centaur zombies
  5 crimson imps
  Crazy Yiuf (D:7)
  4 hounds
  5 bullfrog skeletons
  5 orc priests
  9 orc wizards
  4 worker ants
  3 iguanas
  A big kobold zombie (Ossuary)
  A hound zombie (D:7)
  2 hound skeletons
  6 mummies (Ossuary)
  A howler monkey zombie (D:9)
  7 gnolls (D:8)
  2 worker ant zombies (D:5)
  13 adders
  2 dart slugs
  2 leopard geckos
  22 orcs
  5 ball pythons
  5 bats
  13 giant cockroaches
  3 hobgoblins
  7 jackals
  2 quokkas
  3 frilled lizards
  5 goblins
  2 hobgoblin zombies (Ossuary)
  7 kobolds
  A leopard gecko skeleton (D:5)
  7 rats
  A spectral orc (D:8)
202 creatures vanquished.

Notes
Turn   | Place    | Note
-------+----------+-------------------------------------------
     0 | D:1      | wojtek the Minotaur Fighter began the quest for the Orb.
     0 | D:1      | Reached XP level 1. HP: 19/19 MP: 0/0
   116 | D:1      | Reached skill level 3 in Axes
   241 | D:1      | Reached XP level 2. HP: 26/26 MP: 1/1
   542 | D:2      | Reached skill level 4 in Axes
   590 | D:2      | Reached XP level 3. HP: 23/31 MP: 2/2
   748 | D:2      | Found a bloodstained altar of Trog.
   753 | D:2      | Reached skill level 5 in Axes
   759 | D:2      | Reached XP level 4. HP: 23/39 MP: 3/3
  1183 | D:2      | Reached skill level 6 in Axes
  1670 | D:3      | Found an iron altar of Okawaru.
  1747 | D:3      | Found a snail-covered altar of Cheibriados.
  1883 | D:3      | Reached XP level 5. HP: 45/45 MP: 4/4
  2401 | D:4      | Noticed an ogre
  2406 | D:4      | Killed an ogre
  2406 | D:4      | Reached skill level 1 in Dodging
  2561 | D:4      | Reached XP level 6. HP: 52/52 MP: 5/5
  2634 | D:4      | Reached skill level 7 in Axes
  3071 | D:5      | Entered Level 5 of the Dungeon
  3081 | D:5      | Noticed a sky beast
  3091 | D:5      | Killed a sky beast
  3294 | D:5      | Noticed Eustachio
  3319 | D:5      | Reached XP level 7. HP: 32/60 MP: 6/6
  3325 | D:5      | Killed Eustachio
  3471 | D:5      | Found a shadowy altar of Dithmenos.
  3512 | D:5      | Reached skill level 1 in Evocations
  3560 | D:5      | Reached skill level 8 in Axes
  3576 | D:5      | Found an iron altar of Okawaru.
  3669 | D:5      | Reached skill level 5 in Fighting
  3669 | D:5      | Reached skill level 5 in Armour
  3669 | D:5      | Reached skill level 5 in Shields
  4135 | D:6      | Found a sand-covered staircase.
  4146 | D:6      | Reached XP level 8. HP: 68/68 MP: 8/8
  4182 | Ossuary  | Entered an ossuary
  4558 | Ossuary  | Paralysed by fainting for 9 turns
  4598 | Ossuary  | Paralysed by fainting for 9 turns
  4627 | Ossuary  | Paralysed by fainting for 10 turns
  5050 | D:6      | Reached skill level 9 in Axes
  5715 | D:7      | Found a staircase to the Ecumenical Temple.
  5723 | Temple   | Entered the Ecumenical Temple
  5882 | D:7      | Reached XP level 9. HP: 67/75 MP: 10/10
  5998 | D:7      | Found a burning altar of Makhleb.
  6009 | D:7      | Became a worshipper of Makhleb the Destroyer
  6132 | D:7      | Found a runed door.
  6287 | D:7      | Reached skill level 1 in Invocations
  6450 | D:7      | Found a glowing golden altar of the Shining One.
  6455 | D:7      | Reached skill level 10 in Axes
  6507 | D:7      | Noticed Crazy Yiuf
  6511 | D:7      | Paralysed by Crazy Yiuf for 2 turns
  6515 | D:7      | Killed Crazy Yiuf
  6581 | D:8      | Found Fiwk's Assorted Antiques.
  6589 | D:8      | Bought a runed shield for 210 gold pieces
  6894 | D:8      | Noticed Joseph
  6908 | D:8      | Killed Joseph
  6908 | D:8      | Reached skill level 5 in Dodging
  7021 | D:8      | Reached * piety under Makhleb
  7245 | D:8      | Found a basalt altar of Yredelemnul.
  7289 | D:9      | Noticed Grum
  7295 | D:9      | Killed Grum
  7330 | D:9      | Noticed Erica
  7401 | D:9      | Killed Erica
  7401 | D:9      | Reached XP level 10. HP: 86/86 MP: 10/12
  7556 | D:9      | Noticed a gargoyle
  7568 | D:9      | Killed a gargoyle
  7673 | D:9      | Reached ** piety under Makhleb
  7821 | D:9      | Reached skill level 11 in Axes
  7853 | D:9      | Found Nouz Qo Oph's Magic Scroll Emporium.
  8097 | D:10     | Entered Level 10 of the Dungeon
  8302 | D:10     | Noticed a red ugly thing
  8320 | D:10     | Mangled by a red ugly thing

Skill      XL: |  1  2  3  4  5  6  7  8  9 10 |
---------------+-------------------------------+-----
Axes           | 3 4 5 6 7 8 9 10 11 | 11.1
Fighting       | 4 5 6 7 |  7.5
Dodging        | 1 2 3 4 5 |  5.9
Armour         | 4 5 6 7 |  7.4
Shields        | 4 5 6 7 |  7.5
Evocations     | 1 2 4 |  4.4
Invocations    | 3 4 |  4.6

Action                   |  1- 3 |  4- 6 |  7- 9 | 10-12 || total
-------------------------+-------+-------+-------+-------++-------
Melee: War axe           |    63 |   115 |   358 |   107 ||   643
       Headbutt          |     5 |    18 |    64 |    18 ||   105
Evoke: Wand              |       |       |     2 |       ||     2
  Use: Scroll            |       |       |     9 |     1 ||    10
 Stab: Paralysed         |       |       |     7 |       ||     7
  Eat: Chunk             |       |     6 |    12 |     3 ||    21
       Ration            |       |       |     1 |       ||     1
Armor: Scale mail        |    19 |    30 |       |       ||    49
       Plate armour      |       |    13 |   174 |    49 ||   236
Dodge: Dodged            |    25 |    37 |    82 |    22 ||   166
Block: Shield            |    32 |    52 |   179 |    50 ||   313
